 Dungeon Crawl Stone Soup version 0.29-a0-474-gdfe5cd140f (webtiles) character file.

Game seed: 16856719404452106222

183241 siradein the Executioner (level 18, 0/273 HPs)
             Began as a Hill Orc Berserker on May 23, 2022.
             Was the Champion of Trog.
             Slain by a naga warrior
             ... wielding a +0 vorpal halberd
              (18 damage)
             ... on level 4 of the Snake Pit on May 24, 2022.
             The game lasted 02:09:17 (36678 turns).

siradein the Executioner (Hill Orc Berserker)      Turns: 36678, Time: 02:09:18

Health: 0/273      AC: 45    Str: 31    XL:     18   Next: 36%
Magic:  18/18      EV: 11    Int:  7    God:    Trog [******]
Gold:   915        SH: 13    Dex: 12    Spells: 17/17 levels left

rFire   + + +      SeeInvis +   u - +3 demon trident (vamp)
rCold   + + +      Faith    +   D - +0 kite shield {AC+3}
rNeg    + . .      Spirit   .   h - +10 plate armour of the Untouchables {Will+ Slay+2 Stlth+}
rPois   +          Reflect  .   r - +3 helmet of Duck's Teeth {rN+ Will+}
rElec   +          Harm     +   q - +2 cloak {Stlth+}
rCorr   .          Rampage  +   v - +2 pair of gloves
Will    +++++                   J - +2 pair of boots {rampage}
Stlth   ..........              A - amulet of Finum {Faith Harm rF+ rC+++ Dex-4}
HPRegen 1.55/turn               U - ring "Kasuc" {rPois rC+ SInv}
MPRegen 0.16/turn               e - ring of Byph {Drain rElec rF+++ Str+3 Dex+6}

@: berserking, weakened, strong-willed, regenerating, studying Short Blades,
very quick
A: no striking features
a: Renounce Religion, Berserk, Trog's Hand, Brothers in Arms


You were on level 4 of the Snake Pit.
You worshipped Trog.
Trog was exalted by your worship.
You visited 4 branches of the dungeon, and saw 27 of its levels.
You also visited: Trove, Bailey, Gauntlet and Ice Cave.

You collected 3001 gold pieces.
You spent 2086 gold pieces at shops.

Inventory:

Hand Weapons
 a - a +9 broad axe of protection
 b - the +5 demon whip "Spellbinder" {antimagic, Will+}
   (You found it on level 4 of the Dungeon)

   It reduces the magical energy of the wielder, and disrupts the spells and
   magical abilities of those it strikes.
   Natural abilities and divine invocations are not affected.
   It unleashes wild and unpredictable magical effects upon striking a wizard or
   a creature with magical abilities.
   Will:      It increases your willpower.
 u - a +3 vampiric demon trident (weapon)
Armour
 h - the +10 plate armour of the Untouchables (worn) {Will+ Slay+2 Stlth+}
   (You found it on level 8 of the Dungeon)

   Slay:      It affects your accuracy & damage with ranged weapons and melee
   (+2).
   Will:      It increases your willpower.
   Stlth:     It makes you more stealthy.
 q - a +2 cloak of stealth (worn)
 r - the +3 helmet of Duck's Teeth (worn) {rN+ Will+}
   (You found it in a treasure trove)

   rN:        It protects you from negative energy.
   Will:      It increases your willpower.
 v - a +2 pair of gloves (worn)
 D - a +0 kite shield of protection (worn)
 E - +1 gold dragon scales
 J - a +2 pair of boots of rampaging (worn)
Jewellery
 e - the ring of Byph (right hand) {Drain rElec rF+++ Str+3 Dex+6}
   (You found it in a treasure trove)

   [ring of dexterity]

   Str:       It affects your strength (+3).
   Dex:       It affects your dexterity (+6).
   rF:        It renders you almost immune to fire.
   rElec:     It insulates you from electricity.
   Drain:     It drains your maximum health when unequipped.
 A - the amulet of Finum (around neck) {Faith Harm rF+ rC+++ Dex-4}
   (You found it in a Gauntlet)

   [amulet of faith]

   It allows you to gain divine favour quickly.
   Dex:       It affects your dexterity (-4).
   rF:        It protects you from fire.
   rC:        It renders you almost immune to cold.
   Harm:      It increases damage dealt and taken.
 P - an amulet of the acrobat
 U - the ring "Kasuc" (left hand) {rPois rC+ SInv}
   (You found it in an ice cave)

   [ring of protection from cold]

   rC:        It protects you from cold.
   rPois:     It protects you from poison.
   SInv:      It lets you see invisible.
Wands
 d - a wand of charming (8)
 k - a wand of acid (7)
 o - a wand of iceblast (23)
 p - a wand of paralysis (13)
 t - a wand of mindburst (16)
 I - a wand of digging (7)
 M - a wand of flame (60)
 Q - a wand of polymorph (6)
Scrolls
 g - a scroll of acquirement
 n - 16 scrolls of teleportation
 B - 2 scrolls of blinking
 C - 4 scrolls of summoning
 G - 2 scrolls of fear {unknown}
 K - 6 scrolls of fog
 L - a scroll of silence {unknown}
 N - 2 scrolls of poison {unknown}
 R - 2 scrolls of magic mapping
 X - 4 scrolls of immolation
 Z - 2 scrolls of brand weapon
Potions
 c - 7 potions of heal wounds
 f - 3 potions of cancellation
 i - 11 potions of haste
 j - 3 potions of resistance
 l - 4 potions of berserk rage
 m - 8 potions of curing
 s - 4 potions of flight
 x - 5 potions of might
 z - 5 potions of invisibility
 H - 6 potions of degeneration {unknown}
 O - 4 potions of ambrosia
 T - 2 potions of lignification {unknown}
 V - 4 potions of magic
 Y - 3 potions of mutation {unknown}
Miscellaneous
 w - a phantom mirror
 y - a phial of floods
 F - a tin of tremorstones (2/2)
 S - a lightning rod (4/4)
 W - a phial of floods


   Skills:
 + Level 21.0 Fighting
 + Level 22.7 Axes
 + Level 15.1 Armour
 + Level 8.8 Dodging
 + Level 14.6 Shields


You had 17 spell levels left.
You didn't know any spells.
Your spell library was empty.

Dungeon Overview and Level Annotations

Branches:
Dungeon (15/15)            Temple (0/1) D:4            Lair (6/6) D:11
  Swamp (0/4) Lair:3        Snake (4/4) Lair:4        Slime (0/5) Lair:5
    Orc (2/2) D:11            Elf (0/3) Orc:2        Vaults (0/5) D:14
 Depths (0/4) D:15         Bailey (visited)           IceCv (visited)
Gauntlet (visited)

Altars:
Cheibriados
Elyvilon
Hepliaklqana
Makhleb
Nemelex Xobeh
Okawaru
Qazlal
Ru
Trog
Uskayaw
Vehumet
Wu Jian
Xom
Yredelemnul
Zin
Beogh

Shops:
D:5 [   D:8 *   D:9 [(   D:13 =   Orc:1 *   Orc:2 =[[[!   Snake:2 ?

Annotations:
Snake:4 2 runed translucent doors, logorrheac's ghost, adept GnWn


Message History

The arrow hits you but does no damage.
The naga sharpshooter gestures wildly while chanting.
The naga sharpshooter magically shoots an arrow.
You block the arrow.
The naga sharpshooter mumbles some strange words.
The naga sharpshooter magically shoots a bolt.
The bolt hits you!
* * * LOW HITPOINT WARNING * * *
Unknown command.
You feel a strong urge to attack something.
The naga warrior hits you but does no damage.
Unknown command.
Reach: u) +3 demon trident (vamp)
Press: ? - help, Dir - move target, f - naga warrior
Aim: a naga warrior, wielding a +0 vorpal halberd and wearing a +0 robe (about 25% to evade your +3 vampiric demon trident)
You reach to attack!
You puncture the naga warrior!
The naga warrior is lightly wounded.
Unknown command.
Unknown command.
Reach: u) +3 demon trident (vamp)
Press: ? - help, Dir - move target, f/p - naga warrior
Aim: a naga warrior, wielding a +0 vorpal halberd and wearing a +0 robe (lightly wounded, about 25% to evade your +3 vampiric demon trident)
You reach to attack!
You closely miss the naga warrior.
The naga warrior is lightly wounded.
The naga warrior spits poison at you.
The splash of poison hits you but does no damage.
You resist.
Reach: u) +3 demon trident (vamp)
Press: ? - help, Dir - move target, f/p - naga warrior
Aim: a naga warrior, wielding a +0 vorpal halberd and wearing a +0 robe (lightly wounded, catching its breath, about 25% to evade your +3 vampiric demon trident)
You reach to attack!
You puncture the naga warrior!
You feel better.
The naga warrior is moderately wounded.
Reach: u) +3 demon trident (vamp)
Press: ? - help, Dir - move target, f/p - naga warrior
Aim: a naga warrior, wielding a +0 vorpal halberd and wearing a +0 robe (moderately wounded, catching its breath, about 25% to evade your +3 vampiric demon trident)
You reach to attack!
You hit the naga warrior but do no damage.
The naga warrior is moderately wounded.
The naga warrior hits you from afar with a +0 vorpal halberd!
You die...

.# #.#............#####.?#.P.
.##### #.#..._...)..###..........
.....###.#...).....###..###.#....
.....##..#.........##..## #.#....
####..................## #......
..##.#.............#### #..#...
#..#...............# #....#.
.⌠≈#....##.###.....# #.#.. .
§..+...###...##.@..# #.#..
≈#!+.(.###.#.##.##N#
≈.≈#....##.#....##N###
..≈#.....#.#..####.N.#
##.#...#...#..###.N#.#
###..........##..N#...
#..........##N#N# ##..
##..#..÷....##†#.# #.
###..^........##N..#


You could see a naga warrior (catching breath).

Vanquished Creatures
  Nikola (Snake:3)
  Mlioglotl (Snake:1)
  The ghost of Orchucw the Marksminotaur, an adept MiHu of Nemelex Xobeh (Snake:1)
  2 azure jellies (IceCv)
  2 nagarajas
  The ghost of Itub the Severer, an adept GrFi of the Shining One (Snake:1)
  An orc warlord (Orc:2)
  The ghost of Wirghost the Eclecticist, an adept DESu of the Shining One (Snake:1)
  Louise (D:15)
  The ghost of Bacito the Eclecticist, an adept DECj of Vehumet (Snake:1)
  A quicksilver ooze (IceCv)
  Azrael (D:15)
  A minotaur (Gauntlet)
  3 dire elephants
  Josephine (D:13)
  Erolcha (D:13)
  4 boulder beetles
  11 hydras
  2 salamander tyrants (Snake:4)
  2 catoblepae
  4 centaur warriors
  11 anacondas
  4 ogre magi
  14 two-headed ogres
  16 naga warriors
  12 death yaks
  Urug (D:13)
  14 shock serpents
  A tengu warrior (D:15)
  5 naga sharpshooters
  Sonja (Orc:2)
  4 orc high priests (Orc:2)
  7 naga ritualists
  Pikel (D:6)
  3 lindwurms (Lair:6)
  A harpy (shapeshifter) (D:13)
  A bog body (Lair:3)
  7 orc knights
  11 mana vipers
  26 ugly things
  5 orc sorcerers (Orc:2)
  5 cyclopes
  5 manticores
  10 salamanders
  38 black mambas
  16 naga magi
  Joseph (D:8)
  11 elephants
  2 ice statues (IceCv)
  4 guardian serpents
  3 rime drakes
  15 cane toads
  2 torpor snails (Gauntlet)
  A yaktaur (shapeshifter) (D:13)
  4 entropy weaver simulacra (IceCv)
  A kobold demonologist (D:10)
  13 komodo dragons
  6 trolls
  A merfolk (D:15)
  A polar bear (Lair:4)
  A hornet (D:10)
  2 tarantellas (shapeshifter)
  4 blink frogs
  19 slime creatures
  8 dream sheep
  5 shadows
  A vampire (D:12)
  8 wyverns
  60 yaks
  9 wraiths
  7 basilisks
  4 steam dragons
  A hog (shapeshifter) (D:14)
  3 fire elementals (D:15)
  6 vampire mosquitoes
  2 wargs
  42 nagas
  17 water moccasins
  A demonic crawler simulacrum (IceCv)
  2 hell hounds (D:15)
  2 black bears
  3 sky beasts
  2 ice beasts
  3 ugly thing simulacra (IceCv)
  38 orc warriors
  17 ogres
  The ghost of acebull12 the Slasher, an amateur DsGl of Qazlal (D:3)
  A phantom (D:4)
  20 wolves
  15 centaurs
  2 kobold brigands
  2 necrophages
  16 bullfrogs
  5 scorpions
  4 glowing shapeshifter simulacra (IceCv)
  3 gnoll sergeants
  12 wights
  17 killer bees
  4 howler monkeys
  3 jellies
  20 orc priests
  3 hounds
  3 iron imps (D:9)
  A gnoll shaman (D:7)
  5 iguanas
  34 orc wizards
  7 hell rats (Lair:5)
  Robin (D:2)
  20 gnolls
  9 adders
  A shadow imp (D:4)
  13 white imps
  2 ufetubi (D:4)
  An adder zombie (D:2)
  A worm (D:3)
  4 dart slugs
  101 orcs
  8 ball pythons
  2 bat skeletons (D:2)
  14 endoplasms
  9 giant cockroaches
  11 goblins
  6 hobgoblins
  21 kobolds
  2 quokkas
  7 bats
  6 frilled lizards
  A giant cockroach zombie (D:2)
  7 rats
  A butterfly (Lair:3)
1020 creatures vanquished.

Vanquished Creatures (collateral kills)
  An ogre mage (D:15)
  A naga mage (D:15)
2 creatures vanquished.

Vanquished Creatures (others)
  A quicksilver ooze (IceCv)
  A naga mage (Snake:1)
  An orc (Orc:2)
  30 fungi
  84 plants
  7 withered plants
124 creatures vanquished.

Grand Total: 1146 creatures vanquished

Notes
Turn   | Place    | Note
-------+----------+-------------------------------------------
     0 | D:1      | siradein the Hill Orc Berserker began the quest for the
                  | Orb.
     0 | D:1      | Reached XP level 1. HP: 19/19 MP: 1/1
   362 | D:1      | Reached XP level 2. HP: 27/27 MP: 2/2
   468 | D:1      | Found a faded altar of an unknown god.
  1026 | D:1      | Reached XP level 3. HP: 25/34 MP: 3/3
  1516 | D:2      | Reached skill level 5 in Axes
  1719 | D:2      | Reached ** piety under Trog
  1890 | D:2      | Reached XP level 4. HP: 41/41 MP: 4/4
  1903 | D:2      | Noticed Robin
  1927 | D:2      | Killed Robin
  1928 | D:2      | Reached skill level 5 in Fighting
  2194 | D:2      | Reached skill level 6 in Axes
  2194 | D:2      | Reached XP level 5. HP: 48/48 MP: 5/5
  2983 | D:3      | Found a bloodstained altar of Trog.
  3120 | D:3      | Found a runed translucent door.
  3129 | D:3      | Noticed an ogre
  3129 | D:3      | Noticed acebull12's ghost (amateur DsGl)
  3236 | D:3      | Reached *** piety under Trog
  3508 | D:3      | Found a hazy altar of Hepliaklqana.
  4108 | D:4      | Reached XP level 6. HP: 51/57 MP: 6/6
  4370 | D:4      | Reached skill level 7 in Axes
  4443 | D:4      | Found a staircase to the Ecumenical Temple.
  4547 | D:4      | Found a large runed translucent door.
  4548 | D:4      | Found a large runed translucent door.
  4557 | D:4      | Found a large runed translucent door.
  4557 | D:4      | Noticed an ice beast
  4559 | D:4      | Found a large runed translucent door.
  4561 | D:4      | Found the +5 demon whip "Spellbinder" {antimagic, Will+}
  4592 | D:4      | Reached XP level 7. HP: 55/66 MP: 7/7
  5033 | D:5      | Entered Level 5 of the Dungeon
  5070 | D:5      | Reached skill level 8 in Axes
  5542 | D:5      | Found a sparkling altar of Nemelex Xobeh.
  5930 | D:5      | Reached skill level 9 in Axes
  5930 | D:5      | Reached XP level 8. HP: 68/75 MP: 8/8
  5982 | D:5      | Found Tarhunz's Dragon-Slaying Spoils.
  6543 | D:6      | Reached skill level 10 in Axes
  6664 | D:6      | Reached **** piety under Trog
  6737 | D:6      | Reached skill level 10 in Fighting
  6772 | D:6      | Noticed Pikel
  6777 | D:6      | Reached skill level 11 in Axes
  6777 | D:6      | Reached XP level 9. HP: 62/85 MP: 9/9
  6785 | D:6      | Killed Pikel
  6868 | D:6      | Found a stormy altar of Qazlal.
  7140 | D:6      | Reached skill level 12 in Axes
  7636 | D:7      | Found a basalt altar of Yredelemnul.
  7647 | D:7      | Identified the +5 war axe of Distant Worlds {vorpal, rPois
                  | rC+ Int+4}
  8428 | D:8      | Reached skill level 13 in Axes
  8433 | D:8      | Reached ***** piety under Trog
  8439 | D:8      | Noticed Joseph
  8441 | D:8      | Reached XP level 10. HP: 54/97 MP: 10/10
  8451 | D:8      | Killed Joseph
  8457 | D:8      | Identified the +10 plate armour of the Untouchables {Will+
                  | Slay+2 Stlth+}
  8469 | D:8      | Noticed a boulder beetle
  8490 | D:8      | Killed a boulder beetle
  8500 | D:8      | Identified the +4 battleaxe "Vyitodir" {spect, Str+3}
  8618 | D:8      | Reached skill level 14 in Axes
  8700 | D:8      | Found a flagged portal.
  8708 | Bailey   | Entered a bailey
  9207 | Bailey   | Found a roughly hewn altar of Beogh.
  9207 | Bailey   | Noticed an orc knight
  9211 | Bailey   | Killed an orc knight
  9212 | Bailey   | Reached skill level 15 in Axes
  9212 | Bailey   | Reached XP level 11. HP: 110/110 MP: 11/11
  9685 | D:8      | Found Fymnow's General Store.
  9693 | D:8      | Bought a scroll of identify for 24 gold pieces
  9821 | D:8      | Found a snail-covered altar of Cheibriados.
  9835 | D:8      | Found a hide-covered altar of Uskayaw.
  9836 | D:8      | Found a white marble altar of Elyvilon.
  9836 | D:8      | Found a glowing silver altar of Zin.
  9877 | D:9      | Found Yjysis's Antique Weapon Boutique.
  9887 | D:9      | Found Eregyubi's Armour Shoppe.
  9935 | D:9      | Noticed a two-headed ogre
  9945 | D:9      | Killed a two-headed ogre
 10013 | D:9      | Found a sacrificial altar of Ru.
 10094 | D:9      | Reached skill level 1 in Shields
 10095 | D:9      | Reached skill level 16 in Axes
 10398 | D:9      | Found a burning altar of Makhleb.
 10523 | D:8      | Bought a +0 pair of boots for 54 gold pieces
 10563 | D:10     | Entered Level 10 of the Dungeon
 10588 | D:10     | Noticed a two-headed ogre
 10595 | D:10     | Killed a two-headed ogre
 10604 | D:10     | Reached skill level 15 in Fighting
 10767 | D:10     | Received a gift from Trog
 10881 | D:10     | Found an iron altar of Okawaru.
 11295 | D:10     | Reached skill level 5 in Armour
 11400 | D:10     | Found a radiant altar of Vehumet.
 11457 | D:11     | Noticed a cyclops
 11476 | D:11     | Killed a cyclops
 11507 | D:11     | Noticed a four-headed hydra
 11529 | D:11     | Killed an 11-headed hydra
 11551 | D:11     | Reached XP level 12. HP: 57/121 MP: 12/12
 11617 | D:11     | Noticed a two-headed ogre
 11729 | D:11     | Killed a two-headed ogre
 11742 | D:11     | Found a staircase to the Orcish Mines.
 11895 | D:11     | Noticed a boulder beetle
 11920 | D:11     | Killed a boulder beetle
 12047 | D:11     | Found a staircase to the Lair.
 12053 | D:11     | Reached skill level 5 in Shields
 12060 | D:11     | Reached skill level 17 in Axes
 12250 | Lair:1   | Entered Level 1 of the Lair of Beasts
 12250 | Lair:1   | Found a frozen archway.
 12261 | Lair:1   | Received a gift from Trog
 12278 | IceCv    | Entered an ice cave
 13323 | IceCv    | Noticed a quicksilver ooze
 13336 | IceCv    | Killed a quicksilver ooze
 13424 | IceCv    | Noticed a quicksilver ooze
 13430 | IceCv    | Killed a quicksilver ooze
 13569 | IceCv    | Found a viscous altar of Jiyva.
 13569 | IceCv    | Noticed an azure jelly
 13584 | IceCv    | Killed an azure jelly
 13585 | IceCv    | Reached XP level 13. HP: 130/130 MP: 13/13
 13629 | IceCv    | Noticed an azure jelly
 13645 | IceCv    | Killed an azure jelly
 13722 | IceCv    | Got the ring of Iruloycw {Ice rPois Str+2 SInv}
 13724 | IceCv    | Got the ring "Kasuc" {rPois rC+ SInv}
 14180 | D:3      | Killed acebull12's ghost
 14733 | Lair:1   | Reached skill level 18 in Axes
 15476 | Lair:2   | Found a gate leading to a gauntlet.
 15557 | Gauntlet | Entered a Gauntlet
 15557 | Gauntlet | Found a transporter.
 15558 | Gauntlet | Identified 2 scrolls of acquirement
 15609 | Gauntlet | Found a transporter.
 15624 | Gauntlet | Found a transporter.
 15629 | Gauntlet | Found a transporter.
 15630 | Gauntlet | Noticed an entropy weaver
 15644 | Gauntlet | Found a transporter.
 15663 | Gauntlet | Found a transporter.
 15675 | Gauntlet | Found a transporter.
 15687 | Gauntlet | Found a transporter.
 15699 | Gauntlet | Found a transporter.
 15705 | Gauntlet | Found a transporter.
 15705 | Gauntlet | Found a transporter.
 15716 | Gauntlet | Found a large runed translucent door.
 15717 | Gauntlet | Found a large runed translucent door.
 15718 | Gauntlet | Found a large runed translucent door.
 15718 | Gauntlet | Found a large runed translucent door.
 15719 | Gauntlet | Found a runed translucent gate.
 15720 | Gauntlet | Found a transporter.
 15720 | Gauntlet | Found a runed translucent gate.
 15721 | Gauntlet | Found a runed translucent gate.
 15722 | Gauntlet | Found a large runed translucent door.
 15722 | Gauntlet | Found a large runed translucent door.
 15722 | Gauntlet | Found a runed translucent door.
 15722 | Gauntlet | Found a runed translucent door.
 15723 | Gauntlet | Found a large runed translucent door.
 15724 | Gauntlet | Found a large runed translucent door.
 15726 | Gauntlet | Found a transporter.
 15731 | Gauntlet | Found a large runed translucent door.
 15731 | Gauntlet | Found a large runed translucent door.
 15732 | Gauntlet | Found a large runed translucent door.
 15733 | Gauntlet | Found a large runed translucent door.
 15742 | Gauntlet | Found a large runed translucent door.
 15742 | Gauntlet | Found a large runed translucent door.
 15743 | Gauntlet | Found a large runed translucent door.
 15744 | Gauntlet | Found a large runed translucent door.
 15765 | Gauntlet | Found a transporter.
 15792 | Gauntlet | Found a transporter.
 15812 | Gauntlet | Found a transporter.
 15814 | Gauntlet | Found a transporter.
 15816 | Gauntlet | Found a transporter.
 16398 | Gauntlet | Identified the amulet of Finum {Faith Harm rF+ rC+++ Dex-4}
 16476 | Gauntlet | Noticed a minotaur
 16488 | Gauntlet | Killed a minotaur
 16878 | Lair:2   | Received a gift from Trog
 17492 | Lair:3   | Found a staircase to the Swamp.
 18187 | Lair:4   | Reached XP level 14. HP: 140/140 MP: 14/14
 18219 | Lair:4   | Found an ornate altar of the Wu Jian Council.
 18219 | Lair:4   | Found a hide-covered altar of Uskayaw.
 18244 | Lair:4   | Reached skill level 10 in Armour
 18579 | Lair:4   | Found a staircase to the Snake Pit.
 18597 | Lair:4   | Reached skill level 19 in Axes
 18880 | Lair:4   | Received a gift from Trog
 19310 | Lair:5   | Found a staircase to the Slime Pits.
 19345 | Lair:5   | Reached ****** piety under Trog
 19861 | Lair:5   | Reached skill level 10 in Shields
 20629 | Lair:6   | Entered Level 6 of the Lair of Beasts
 20673 | Lair:6   | Received a gift from Trog
 21145 | Lair:6   | Reached XP level 15. HP: 148/150 MP: 5/15
 21566 | D:5      | Bought +0 gold dragon scales for 1200 gold pieces
 22168 | Lair:6   | Reached skill level 20 in Axes
 23245 | D:12     | Found a portal to a secret trove of treasure.
 23379 | D:12     | You paid a toll of 2 scrolls of acquirement to enter a
                  | treasure trove
 23380 | Trove    | Entered a treasure trove
 23387 | Trove    | Identified the ring of Byph {Drain rElec rF+++ Str+3 Dex+6}
 23400 | Trove    | Identified the +4 shortbow "Pushaa" {freeze, +Blink rC+
                  | Will+++}
 23407 | Trove    | Identified the +3 helmet of Duck's Teeth {rN+ Will+}
 23419 | Trove    | Identified the +2 robe of Dawn {Will++}
 23641 | Orc:1    | Entered Level 1 of the Orcish Mines
 23729 | Orc:2    | Entered Level 2 of the Orcish Mines
 23734 | Orc:2    | Received a gift from Trog
 23766 | Orc:2    | Found a roughly hewn altar of Beogh.
 23965 | Orc:2    | Noticed Sonja
 23992 | Orc:2    | Killed Sonja
 23994 | Orc:2    | Found Akey's Antique Armour Shoppe.
 24061 | Orc:2    | Found a staircase to the Elven Halls.
 24067 | Orc:2    | Bought a pair of glowing boots for 300 gold pieces
 24290 | Orc:2    | HP: 10/226 [orc knight/+1 long sword (19)]
 25111 | Orc:2    | Found Itaetz's Jewellery Shop.
 25111 | Orc:2    | Found Aleer's Distillery.
 25116 | Orc:2    | Found Itimest's Antique Armour Shop.
 25116 | Orc:2    | Found Mesouny's Armour Shoppe.
 25128 | Orc:2    | Bought a potion of flight for 42 gold pieces
 25128 | Orc:2    | Bought a potion of ambrosia for 112 gold pieces
 25128 | Orc:2    | Bought a potion of curing for 42 gold pieces
 25214 | Orc:1    | Noticed an orc warlord
 25234 | Orc:2    | Received a gift from Trog
 25248 | Orc:2    | Killed an orc warlord
 25249 | Orc:2    | Reached skill level 5 in Dodging
 25658 | Orc:1    | Found Qaezyum's Gadget Gallery.
 25926 | D:12     | Received a gift from Trog
 26553 | D:13     | Noticed Erolcha
 26562 | D:13     | Killed Erolcha
 26699 | D:13     | Noticed Josephine
 26708 | D:13     | Killed Josephine
 26709 | D:13     | Reached XP level 16. HP: 158/160 MP: 5/16
 27164 | D:13     | Found Xukha Osec's Jewellery Boutique.
 27168 | D:13     | Noticed Urug
 27184 | D:13     | Killed Urug
 28210 | D:14     | Found a stormy altar of Qazlal.
 28325 | D:14     | Reached skill level 21 in Axes
 28377 | D:14     | Received a gift from Trog
 28386 | D:14     | Found a gate to the Vaults.
 29088 | D:15     | Entered Level 15 of the Dungeon
 29146 | D:15     | Noticed Azrael
 29161 | D:15     | Killed Azrael
 29174 | D:15     | Noticed Louise
 29222 | D:15     | Killed Louise
 29810 | D:15     | Identified the +1 spear of the Valley {drain, Will+}
 29897 | D:15     | Received a gift from Trog
 30241 | D:15     | Found a staircase to the Depths.
 30538 | Snake:1  | Entered Level 1 of the Snake Pit
 31299 | Snake:1  | Reached XP level 17. HP: 167/170 MP: 17/17
 31524 | Snake:1  | Found a runed translucent gate.
 31524 | Snake:1  | Found a runed translucent gate.
 31524 | Snake:1  | Found a runed translucent gate.
 31625 | Snake:1  | Noticed Mlioglotl
 31643 | Snake:1  | Killed Mlioglotl
 31795 | Snake:1  | Noticed Bacito's ghost (adept DECj)
 31795 | Snake:1  | Noticed Itub's ghost (adept GrFi)
 31795 | Snake:1  | Noticed Wirghost's ghost (adept DESu)
 31795 | Snake:1  | Noticed Orchucw's ghost (adept MiHu)
 31908 | Snake:1  | You fall into a shaft and drop 1 floor!
 32045 | Snake:2  | Received a gift from Trog
 32565 | Snake:1  | Killed Itub's ghost
 32587 | Snake:1  | Killed Bacito's ghost
 32600 | Snake:1  | Killed Orchucw's ghost
 32702 | Snake:1  | Killed Wirghost's ghost
 33071 | Snake:2  | Found Adirisin's Magic Scroll Emporium.
 33095 | Snake:2  | Bought a scroll of enchant weapon for 142 gold pieces
 33095 | Snake:2  | Bought a scroll of magic mapping for 66 gold pieces
 33095 | Snake:2  | Bought a scroll of fog for 38 gold pieces
 33096 | Snake:2  | Bought a scroll of amnesia for 66 gold pieces
 33164 | Snake:2  | Reached skill level 22 in Axes
 33465 | Snake:2  | Received a gift from Trog
 33985 | Snake:3  | Found a shimmering altar of Xom.
 34191 | Snake:3  | Noticed Nikola
 34204 | Snake:3  | Killed Nikola
 35423 | Snake:3  | Received a gift from Trog
 35466 | Snake:4  | Entered Level 4 of the Snake Pit
 35694 | Snake:4  | Reached XP level 18. HP: 115/180 MP: 5/18
 36228 | Snake:4  | Found a sparkling altar of Nemelex Xobeh.
 36250 | Snake:4  | Found a large runed translucent door.
 36250 | Snake:4  | Found a large runed translucent door.
 36496 | Snake:4  | Reached skill level 15 in Armour
 36548 | Snake:4  | Noticed logorrheac's ghost (adept GnWn)
 36618 | Snake:4  | Received a gift from Trog
 36673 | Snake:4  | HP: 7/273 [naga sharpshooter/bolt (16)]
 36678 | Snake:4  | Slain by a naga warrior

Illustrated notes

Levels and vault maps discovered:
D:1:      minmay_arrival_semitransparent, layout_loops_ring,
          shapermc_ecumenical_altar_totnotflames, minmay_misc_feat_nine_boxes,
          minmay_hedge_maze
D:2:      layout_loops_ring, serial_undead, serial_undead_e, serial_undead_e,
          serial_undead_b, serial_undead_a, uniq_robin
D:3:      layout_loops_corners, nicolae_hepliaklqana_hippocampus,
          mainiacjoe_overflow_paths, ebering_ghost_inner_flame
D:4:      layout_loops_ring, minmay_temple_entry_glass,
          minmay_hollow_rounded_squares
D:5:      layout_basic, marbit_many_paths, kennysheep_flooded_box,
          nicolae_shop_dragon_depot
D:6:      layout_rooms, lemuel_crystal_altar, uniq_pikel
D:7:      layout_loops_ring, yredelemnul_altar_generic, solitary_fountain
D:8:      layout_basic, kennysheep_slug_shrine, gammafunk_temple_overflow_claw,
          enter_bailey_2, serial_shops, shop, kennysheep_big_empty_room,
          minmay_radiant, uniq_joseph
D:9:      layout_rooms, hangedman_ru_absence, demons_altar, serial_shops,
          nicolae_shop_statue_plus, shop
D:10:     layout_loops_ring, mainiacjoe_overflow_brackets,
          mainiacjoe_overflow_surrounded_room, st_stairs_13
D:11:     layout_basic, minmay_lair_entry_grove, david_orc_3
D:12:     layout_roguey, enter_trove_3
D:13:     layout_layer_cave, serial_shops, shop_statue, minmay_variable_closet,
          uniq_erolcha, uniq_urug, uniq_josephine
D:14:     layout_loops_ring, david_vaults_2, nicolae_qazlal_general_emergency
D:15:     hangedman_depths_entry_try_elsewhere_first, layout_loops_ring,
          columned_hall_lemuel, amcnicky_mini_pool_medium, uniq_azrael,
          uniq_louise
Lair:1:   layout_cave_pods, nicolae_volcano_entry_s_turn,
          portal_ice_cave_entry_imps, chequers_serial_rivers_small_a,
          grunt_megastairs_2
Lair:2:   layout_long_grid, gauntlet_entry_generic, serial_rivers,
          chequers_serial_rivers_room_a, chequers_serial_rivers_micro_b,
          chequers_serial_rivers_marsh, chequers_serial_rivers_room_a,
          chequers_serial_rivers_room_a, st_stairs_13, beast_lair_carwin_7,
          serial_bayou_shore_a
Lair:3:   layout_roguey, skrybe_swamp_entry_bodies, infiniplex_staircase_pool_2,
          lemuel_fruit_fields
Lair:4:   layout_gridlike, minmay_snake_entry_guardpost_small,
          nzn_masters_of_martial_movement, serial_bayou_shore_b
Lair:5:   nzn_winding_woodlands_three_and_one [nzn_winding_woodlands_5x15_eye,
          nzn_winding_woodlands_5x15_crooked,
          nzn_winding_woodlands_5x15_longhouse,
          nzn_winding_woodlands_center_garden], layout_long_grid,
          nicolae_slime_entry_slimehenge, fungi_pond_lemuel
Lair:6:   hangedman_lair_in_review, layout_concentric_octagons, st_stairs_10
Snake:1:  layout_honeycomb, gammafunk_ghost_cemetery, uniq_mlioglotl
Snake:2:  layout_basic, nicolae_large_snake_swirl, grunt_megastairs_3,
          minmay_shop_star
Snake:3:  layout_misc_corridors, basic_altar, serial_bayou_shore_b, uniq_nikola
Snake:4:  johnstein_snake_rune_scales, layout_rooms, basic_altar,
          ebering_ghost_disaster_area, nicolae_snake_snakes_in_the_grass
Orc:1:    layout_caves, nicolae_shop_gadgets
Orc:2:    grunt_orc_tribal_feast, layout_diamond_mine, serial_shops,
          nicolae_shop_overgrown_old_shop, lemuel_statue_altar, mines2_david,
          uniq_sonja

Skill      XL: |  1  2  3  4  5  6  7  8  9 10 11 12 13 14 15 16 17 18 |
---------------+-------------------------------------------------------+-----
Fighting       | 4 5 6 7 8 10 12 14 15 16 17 18 19 20 21 | 21.0
Axes           | 5 6 7 9 11 13 15 16 17 18 19 20 21 22 | 22.7
Armour         | 5 8 9 11 12 13 14 15 | 15.1
Shields        | 3 7 9 10 12 13 14 | 14.6
Dodging        | 3 5 7 8 |  8.8

Action                   |  1- 3 |  4- 6 |  7- 9 | 10-12 | 13-15 | 16-18 || total
-------------------------+-------+-------+-------+-------+-------+-------++-------
Melee: Hand axe          |   113 |   191 |    12 |       |       |       ||   316
       Punch             |       |     2 |     2 |     1 |       |       ||     5
       War axe           |       |       |   262 |   381 |    16 |       ||   659
       Battleaxe         |       |       |       |    99 |       |       ||    99
       Broad axe         |       |       |       |     7 |   837 |   779 ||  1623
       Demon whip        |       |       |       |       |    51 |   109 ||   160
       Demon trident     |       |       |       |       |       |   105 ||   105
Throw: Dart              |       |       |       |       |     1 |       ||     1
Invok: Berserk           |     1 |     2 |     2 |     5 |     4 |     3 ||    17
       Trog's Hand       |       |       |     1 |     2 |     6 |     5 ||    14
  Use: Scroll            |       |     3 |     2 |     6 |    15 |     8 ||    34
 Stab: Sleeping          |     1 |       |       |       |       |       ||     1
       Petrified         |       |       |       |       |       |     3 ||     3
       Petrifying        |       |       |       |       |       |     1 ||     1
       Distracted        |       |       |       |       |       |     1 ||     1
Armor: Animal skin       |    15 |    22 |       |       |       |       ||    37
       Leather armour    |       |    39 |    24 |       |       |       ||    63
       Scale mail        |       |    24 |       |       |       |       ||    24
       Chain mail        |       |       |    25 |       |       |       ||    25
       Plate armour      |       |       |    93 |   281 |   424 |   424 ||  1222
       Gold dragon scale |       |       |       |       |   214 |    67 ||   281
Dodge: Dodged            |    53 |   123 |   101 |   116 |   137 |   214 ||   744
Block: Buckler           |       |       |       |    63 |     3 |       ||    66
       Tower shield      |       |       |       |    58 |   802 |   546 ||  1406
       Kite shield       |       |       |       |       |       |   206 ||   206

Table legend: (Time is in decaauts)
 A = Elapsed time spent in this place.
 B = Non-inter-level travel time spent in this place.
 C = Inter-level travel time spent in this place.
 D = Time resting spent in this place.
 E = Time spent auto-exploring this place.
 F = Levels seen in this place.
 G = Mean time per level.
                   A        B        C        D        E       F      G
               +--------+--------+--------+--------+--------+-----+--------+
         Total |  36663 |  33867 |   2796 |   2614 |  24447 |  31 | 1182.7 |
       Dungeon |  17862 |  15996 |   1866 |    250 |  12607 |  15 | 1190.8 |
          Lair |   7161 |   6384 |    777 |     26 |   5341 |   6 | 1193.5 |
     Snake Pit |   6069 |   5959 |    110 |   1413 |   3451 |   4 | 1517.2 |
  Orcish Mines |   2253 |   2211 |     42 |    575 |   1225 |   2 | 1126.5 |
         Trove |     67 |     67 |      0 |      0 |      7 |   1 |   67.0 |
        Bailey |    621 |    621 |      0 |      2 |    492 |   1 |  621.0 |
      Ice Cave |   1672 |   1672 |      0 |    347 |    898 |   1 | 1672.0 |
      Gauntlet |    955 |    955 |      0 |      0 |    425 |   1 |  955.0 |
               +--------+--------+--------+--------+--------+-----+--------+

Top non-repeatable levels by time:
 Snake:3: 2109 daAuts
    D:13: 1929 daAuts
 Snake:1: 1859 daAuts
     D:5: 1827 daAuts
   IceCv: 1672 daAuts
 Snake:2: 1551 daAuts
     D:1: 1474 daAuts
  Lair:6: 1469 daAuts
  Lair:5: 1444 daAuts
     D:3: 1312 daAuts
   Orc:2: 1282 daAuts
     D:4: 1258 daAuts
     D:2: 1257 daAuts
    D:15: 1249 daAuts
  Lair:4: 1202 daAuts
